 Dungeon Sprint DCSS version 0.31-a0-818-ge7c7cf74f0 (webtiles) character file.

Game seed: 8946823803629521308

1908 sircluck the Grappler (level 8, -2/139 HPs)
             Began as a Troll Berserker on Sept 23, 2023.
             Was a High Priest of Trog.
             Slain by a demonic crawler (17 damage)
             ... in the Dungeon (Sprint VII: "The Pits").
             The game lasted 00:01:18 (560 turns).

sircluck the Grappler (Troll Berserker)              Turns: 560, Time: 00:01:18

Health: -2/139     AC:  5    Str: 28    XL:     8   Next: 94%
Magic:  7/7        EV: 12    Int:  3    God:    Trog [*****.]
Gold:   0          SH:  0    Dex:  9    Spells: 7/7 levels left

rFire   . .          .
                       - Unarmed
rCold   . . .        (no shield)
rNeg    . . .        k - +0 troll leather armour {Pargi}
rPois   .            (helmet restricted)
rElec   .            (no cloak)
rCorr   .            (gloves unavailable)
SInv    .            (boots unavailable)
Will    .....        (no amulet) Stlth
                     (no ring)
HPRegen 2.03/turn    (no ring)
MPRegen 0.10/turn

%: no teleportation
@: berserking, very quick
A: large, unfitting armour, claws 3, regeneration 1, shaggy fur 1, tough skin 1
a: Renounce Religion, Berserk, Trog's Hand, Brothers in Arms


You were in the Dungeon.
You worshipped Trog.
Trog was extremely pleased with you.
You visited 1 branch

Inventory:

Armour
 a - a +0 animal skin
 k - a +0 troll leather armour (worn) {Pargi}
Scrolls
 i - 2 scrolls of vulnerability
 j - a scroll of butterflies
Potions
 b - 6 potions of curing
 c - 3 potions of heal wounds
 d - a potion of haste
 e - 4 potions of magic
 f - 3 potions of berserk rage
 h - 2 potions of invisibility


   Skills:
 + Level 10.3 Fighting
 + Level 10.1 Dodging
 + Level 12.0 Unarmed Combat


You had 7 spell levels left.
You didn't know any spells.
Your spell library was empty.

Dungeon Overview and Level Annotations

Branches:
Dungeon (1/1)

Altars:
Ashenzari
Cheibriados
Dithmenos
Elyvilon
Fedhas
Gozag
Hepliaklqana
Kikubaaqudgha
Makhleb
Nemelex Xobeh
Okawaru
Qazlal
Ru
Sif Muna
Trog
Uskayaw
Vehumet
Wu Jian
Xom
Yredelemnul
Zin
The Shining One
Jiyva
Lugonu

Annotations:
D Dowan, Duvessa


Innate Abilities, Weirdness & Mutations

You are too large for most types of armour.
You have claws for hands.
Your natural rate of healing is unusually fast.
You are covered in fur. (AC +1)
You have tough skin. (AC +1)


Message History

You feel much better. The demonic crawler hits you!
The demonic crawler misses you. The demonic crawler hits you!
The demonic crawler completely misses you.
The demonic crawler hits you!
* * * LOW HITPOINT WARNING * * *
The demonic crawler hits you!
* * * LOW HITPOINT WARNING * * *
Blink to where?
Press: ? - help, Q - select action, (/) - cycle Dir - move target
As you read the scroll of blinking, it crumbles to dust.
You feel much better.
You feel much better.
A red film seems to cover your vision as you go berserk!
You feel yourself moving faster!
You feel mighty!
The demonic crawler closely misses you. x2; The demonic crawler hits you!
You claw the demonic crawler!
The demonic crawler is lightly wounded.
The demonic crawler hits you but does no damage.
The demonic crawler closely misses you. The demonic crawler hits you!
You scratch the demonic crawler but do no damage.
The demonic crawler is lightly wounded.
You closely miss the demonic crawler.
The demonic crawler is lightly wounded.
The demonic crawler hits you! The demonic crawler closely misses you.
The demonic crawler hits you.
You barely miss the demonic crawler. The demonic crawler hits you!
The demonic crawler hits you.
* * * LOW HITPOINT WARNING * * *
The demonic crawler hits you.
* * * LOW HITPOINT WARNING * * *
You claw the demonic crawler!
The demonic crawler is lightly wounded.
You completely miss the demonic crawler.
The demonic crawler is lightly wounded.
The demonic crawler hits you!
* * * LOW HITPOINT WARNING * * *
The demonic crawler hits you!
* * * LOW HITPOINT WARNING * * *
The demonic crawler hits you!
You die...

#.#.....#))#####'#####++###
#.###'###))##.......#
#.#.†...#))##.......#
#.#.....#..##.......#
#.####)##'###...<...#
#.#.).†....##.......#
#.#.)......##.......#
#'###########.......#
#.†.)...#)@##########
#.###...#s######
#.#.....#c#....#
#.#...#.#e#c...#
#.....#.#e'e...+
#...###.#'#....#
#.......'.#....#
################


You could see a demonic crawler, Duvessa, Dowan and a centaur.

Vanquished Creatures
  A sea snake (D)
  A flayed ghost (D)
  A smoke demon (D)
  Pargi (D)
  A floating eye (D)
  A black bear (D)
  A wolf (D)
  A phantom (D)
  A bullfrog (D)
  A scorpion (D)
  An orc priest (D)
  An orc wizard (D)
  A mummy (D)
  A river rat (D)
  An adder zombie (D)
  3 orcs (D)
  A ball python (D)
  2 kobolds (D)
  A bat (D)
  A goblin (D)
23 creatures vanquished.

Notes
Turn   | Place    | Note
-------+----------+-------------------------------------------
     0 | D        | sircluck the Troll Berserker began the quest for the Orb.
     0 | D        | Reached XP level 1. HP: 22/22 MP: 0/0
    24 | D        | Noticed a flayed ghost
    37 | D        | Killed a flayed ghost
    38 | D        | Reached skill level 8 in Unarmed Combat
    38 | D        | Reached XP level 2. HP: 40/40 MP: 1/1
    38 | D        | Reached XP level 3. HP: 46/46 MP: 2/2
    38 | D        | Reached XP level 4. HP: 55/55 MP: 3/3
    38 | D        | Reached XP level 5. HP: 62/62 MP: 4/4
    38 | D        | Reached XP level 6. HP: 71/71 MP: 5/5
    70 | D        | Noticed a sea snake
    92 | D        | Killed a sea snake
    93 | D        | Reached skill level 10 in Unarmed Combat
    93 | D        | Reached XP level 7. HP: 83/83 MP: 6/6
   289 | D        | Reached ** piety under Trog
   312 | D        | Found a bloodstained altar of Trog.
   312 | D        | Found a shimmering blue altar of Sif Muna.
   312 | D        | Found a viscous altar of Jiyva.
   312 | D        | Found a hazy altar of Hepliaklqana.
   312 | D        | Found an opulent altar of Gozag.
   314 | D        | Found a glowing golden altar of the Shining One.
   314 | D        | Found a glowing silver altar of Zin.
   314 | D        | Found a basalt altar of Yredelemnul.
   314 | D        | Found a shimmering altar of Xom.
   314 | D        | Found an ornate altar of the Wu Jian Council.
   314 | D        | Found a sacrificial altar of Ru.
   314 | D        | Found a stormy altar of Qazlal.
   314 | D        | Found an iron altar of Okawaru.
   314 | D        | Found a sparkling altar of Nemelex Xobeh.
   314 | D        | Found a burning altar of Makhleb.
   314 | D        | Found a blossoming altar of Fedhas.
   314 | D        | Found a white marble altar of Elyvilon.
   314 | D        | Found a shadowy altar of Dithmenos.
   314 | D        | Found a snail-covered altar of Cheibriados.
   318 | D        | Found a corrupted altar of Lugonu.
   318 | D        | Found a radiant altar of Vehumet.
   319 | D        | Found a broken altar of Ashenzari.
   319 | D        | Found an ancient bone altar of Kikubaaqudgha.
   319 | D        | Found a hide-covered altar of Uskayaw.
   357 | D        | Reached XP level 8. HP: 91/92 MP: 7/7
   365 | D        | Reached *** piety under Trog
   377 | D        | Reached skill level 11 in Unarmed Combat
   378 | D        | Reached **** piety under Trog
   420 | D        | Noticed Pargi
   430 | D        | Killed Pargi
   437 | D        | Reached ***** piety under Trog
   490 | D        | Noticed a smoke demon
   498 | D        | Killed a smoke demon
   499 | D        | Reached skill level 10 in Fighting
   499 | D        | Reached skill level 10 in Dodging
   531 | D        | Reached skill level 12 in Unarmed Combat
   542 | D        | Noticed Dowan
   542 | D        | Noticed a demonic crawler
   543 | D        | Noticed Duvessa
   550 | D        | HP: 3/93 [demonic crawler (15)]
   560 | D        | Slain by a demonic crawler

Illustrated notes

Levels and vault maps discovered:
D:        pitsprint [storerooms_1, entrance_room_1, metal_vault_4, armoury_1,
          mini_pit_1, grid_room_1, main_hall_1, silver_pit, the_coven_2,
          the_vestibule_1, steel_vault_1, golden_pit, hallway_of_sentries,
          crystal_vault_5, iron_vault_3, final_vault]

Skill      XL: |  1  2  3  4  5  6  7  8 |
---------------+-------------------------+-----
Fighting       | 7 9 10 | 10.3
Dodging        | 7 8 9 10 | 10.1
Unarmed Combat | 8 10 12 | 12.0

Action                     |  1- 3 |  4- 6 |  7- 9 || total
---------------------------+-------+-------+-------++-------
  Melee: Unarmed           |     4 |     4 |    61 ||    69
         Punch             |       |       |     3 ||     3
 Invoke: Berserk           |     1 |     1 |     1 ||     3
    Use: Potion            |       |       |     3 ||     3
         Scroll            |       |       |     1 ||     1
 Armour: Animal skin       |     2 |     1 |    28 ||    31
         Troll leather arm |       |       |    44 ||    44
  Dodge: Dodged            |       |     1 |    45 ||    46

Table legend: (Time is in decaauts)
 A = Elapsed time spent in this place.
 B = Non-inter-level travel time spent in this place.
 C = Inter-level travel time spent in this place.
 D = Time resting spent in this place.
 E = Time spent auto-exploring this place.
 F = Levels seen in this place.
 G = Mean time per level.
                   A        B        C        D        E       F      G
               +--------+--------+--------+--------+--------+-----+--------+
         Total |    562 |    562 |      0 |    214 |    102 |   1 |  562.0 |
       Dungeon |    562 |    562 |      0 |    214 |    102 |   1 |  562.0 |
               +--------+--------+--------+--------+--------+-----+--------+

Top non-repeatable levels by time:
       D: 562 daAuts
